 Dungeon Crawl Stone Soup version 0.16.1-28-gcc2312f (webtiles) character file.

291 gornard the Sneak (level 6, -3/40 HPs)
             Began as a Halfling Assassin on June 1, 2015.
             Shot with an arrow by a centaur (7 damage)
             ... on level 7 of the Dungeon.
             The game lasted 00:38:06 (3319 turns).

gornard the Sneak (Halfling Assassin)               Turns: 3319, Time: 00:38:06

Health: -3/40      AC: 10    Str: 12      XL:     6   Next: 58%
Magic:  6/6        EV: 13    Int: 10      God:
Gold:   148        SH:  0    Dex: 14 (17) Spells: 0 memorised, 5 levels left

rFire  + . .     SeeInvis .     b - +0 blowgun
rCold  x . .     Clarity  .     v - +4 ring mail
rNeg   . . .     SustAb   .     (no shield)
rPois  .         Gourm    .     (no helmet)
rElec  .         Spirit   .     d - +0 cloak
rCorr  .         Warding  .     (no gloves)
rMut   .         Stasis   .     (no boots)
MR     .....                    (no amulet)
Stlth  +++.......               (no ring)
                                q - ring of fire

@: not resistant to hostile enchantments, fairly stealthy
A: mutation resistance 1
a: no special abilities


You were on level 7 of the Dungeon.
You were not hungry.

You visited 1 branch of the dungeon, and saw 5 of its levels.

You collected 148 gold pieces.

Inventory:

Hand weapons
 a - a +2 dagger
 b - a +0 blowgun (weapon)
 t - a +0 hand axe
Missiles
 f - a curare-tipped needle (quivered)
 i - 33 stones
 m - 30 sling bullets
 p - 32 bolts
 r - 23 arrows
Armour
 c - a +0 robe
 d - a +0 cloak (worn)
 h - a +0 leather armour
 j - a +0 robe of resistance
 n - a +0 ring mail
 v - a +4 ring mail (worn)
Jewellery
 q - a ring of fire (left hand)
Magical devices
 u - a wand of magic darts (15)
Scrolls
 k - 2 scrolls of remove curse
 x - 2 scrolls of identify
Potions
 o - a potion of magic
 z - a potion of ambrosia {unknown}
Books
 s - a book of the Dragon

   Spells                             Type                      Level
   a - Flight                         Charms/Air                   3
   b - Cause Fear                     Hexes                        4
   c - Bolt of Fire                   Conjuration/Fire             6
   d - Dragon Form                    Transmutation                7
   e - Dragon's Call                  Summoning                    9
Comestibles
 g - 2 bread rations
 w - 5 chunks of flesh


   Skills:
 + Level 2.3 Fighting
 + Level 3.6 Short Blades
 + Level 4.5 Throwing
 + Level 2.5 Armour
 + Level 2.5 Dodging
 + Level 5.9 Stealth


You had 5 spell levels left.
You didn't know any spells.

Dungeon Overview and Level Annotations

Branches:
Dungeon (7/15)
 Temple: D:4-7

Altars:
Xom

Annotations:
D:3 gornard's ghost, average DEWz


Innate Abilities, Weirdness & Mutations

You are small and have problems with some larger weapons.
You are somewhat resistant to further mutation.


Message History

The centaur is lightly wounded.
Firing (i - inventory. (,) - cycle):
e - a poisoned needle (quivered)
Press: ? - help, Shift-Dir - straight line, f/p - centaur
Aim: a centaur (lightly wounded, poisoned)
You shoot a poisoned needle.
The poisoned needle barely misses the centaur.
The centaur wields a shortbow.
The centaur shoots an arrow.
The arrow hits you but does no damage.
The centaur shoots an arrow.
The arrow hits you.
* * * LOW HITPOINT WARNING * * *
You see here an arrow.
Firing (i - inventory. (,) - cycle):
f - 2 curare-tipped needles (quivered)
Press: ? - help, Shift-Dir - straight line, f/p - centaur
Aim: a centaur, wielding a shortbow (lightly wounded, poisoned)
You shoot a curare-tipped needle.
The curare-tipped needle hits the centaur.
The centaur convulses.
The centaur seems to slow down.
The centaur is moderately wounded.
The centaur shoots an arrow.
The arrow hits you!
You die...

##### #...#
#...###
#.....#
#..@..#
#..(.)#
##....#
+..c.....
##(........
(.(.......
..##......
.. .....
... (...


You could see a centaur.

Vanquished Creatures
  An ogre (D:4)
  A quasit (D:3)
  2 gnolls
  8 adders
  4 worms
  An ooze (D:3)
  2 ball pythons
  7 bats
  2 giant cockroaches
  5 goblins
  8 hobgoblins
  3 jackals (D:1)
  9 kobolds
  A giant newt (D:3)
  6 rats
60 creatures vanquished.

Vanquished Creatures (others)
  5 sheep (D:3)
5 creatures vanquished.

Grand Total: 65 creatures vanquished

Notes
Turn   | Place    | Note
--------------------------------------------------------------
     0 | D:1      | gornard, the Halfling Assassin, began the quest for the Orb.
     0 | D:1      | Reached XP level 1. HP: 14/14 MP: 1/1
   274 | D:1      | Reached XP level 2. HP: 19/19 MP: 2/2
  1153 | D:2      | Reached skill level 5 in Stealth
  1153 | D:2      | Reached XP level 3. HP: 24/24 MP: 3/3
  1489 | D:2      | Reached XP level 4. HP: 29/29 MP: 4/4
  1575 | D:2      | Reached skill level 1 in Armour
  1828 | D:2      | You fall through a shaft!
  1933 | D:3      | Found a shimmering altar of Xom.
  2164 | D:3      | Reached XP level 5. HP: 25/34 MP: 5/5
  2736 | D:3      | Noticed gornard's ghost (average DEWz)
  3125 | D:4      | Noticed an ogre
  3163 | D:4      | Killed an ogre
  3163 | D:4      | Reached XP level 6. HP: 17/40 MP: 6/6
  3312 | D:4      | You fall through a shaft!
  3319 | D:7      | Shot with an arrow by a centaur

Action                   |  1- 3 |  4- 6 || total
-------------------------+-------+-------++-------
Melee: Dagger            |    55 |    75 ||   130
 Fire: Blowgun           |    25 |    55 ||    80
  Use: Potion            |     2 |     2 ||     4
       Scroll            |     1 |     7 ||     8
 Stab: Sleeping          |     6 |    18 ||    24
       Distracted        |     2 |     1 ||     3
  Eat: Chunk             |     2 |     3 ||     5
       Bread ration      |       |     1 ||     1
